Map: Rifts to Korhal

Players

NamroodTuo

  • Race: Zerg Zerg

Jodle

  • Race: Protoss Protoss
  • Spawn Location: 7:00

VOD

Have the link to the VOD?

Description

Time

  • Played on: April 16, 2023, 1:29 p.m.
  • Length: 20:41
Show
View Real Time Build Order
Export as new Build Order

NamroodTuo Zerg 

Build Orders:  

Get SALT Encoding   

  12  0:22  Infested Barracks  
  12  0:32  Overlord  
  12  0:44  Infested SCV  
  12  0:46  Infested SCV  
  14  0:51  Infested SCV  
  15  1:04  Infested SCV  
  15  1:05  Infested SCV  
  17  1:12  Infested SCV  
  17  1:17  Infested SCV  
  19  1:28  Infested SCV  
  20  1:38  Infested Command Center  
  20  1:50  Infestation Level 1  
  20  1:53  Infested SCV  
  20  1:58  Infested Refinery  
  21  2:10  Infested SCV  
  22  2:24  Infested Refinery  
  22  2:27  Infested SCV  
  23  2:35  Overlord  
  23  2:46  Overlord  
  23  2:57  Overlord  
  23  3:05  Infested Barracks Tech Lab  
  23  3:11  Infested SCV  
  24  3:21  Infested SCV  
  25  3:35  Infested Engineering Bay, Infested SCV  
  26  3:42  Anaerobic Enhancement  
  26  3:47  Infested SCV  
  27  4:01  Retinal Augmentation  
  27  4:04  Infested SCV  
  28  4:36  Infested Command Center  
  28  4:37  Stukov Infantry Weapons Level 1  
  28  4:47  Infested Marine  
  28  4:48  Infested Marine x10  
  39  4:58  Unknown  
  39  5:04  Infested SCV  
  39  5:06  Infested SCV  
  41  5:11  Infested SCV  
  41  5:15  Infested SCV  
  43  5:58  Infested Factory  
  43  6:19  Plagued Munitions  
  32  6:41  Infestation Level 2  
  32  6:42  Infested SCV x4  
  32  6:44  Infested SCV  
  37  6:56  Stukov Infantry Armor Level 1  
  37  7:18  Infested Refinery  
  37  7:20  Infested Refinery  
  37  7:21  Infested SCV  
  37  7:22  Infested SCV  
  37  7:26  Infested SCV x3  
  37  7:27  Infested SCV  
  37  7:28  Infested SCV  
  44  7:40  Infested SCV  
  45  7:52  Infested SCV  
  45  7:53  Infested SCV  
  45  7:54  Infested SCV  
  48  8:10  Infested SCV  
  49  8:21  Infested Marine  
  50  8:30  Broodling Gestation  
  50  9:23  Infested Bunker  
  50  9:27  Infested SCV x2  
  50  9:28  Infested SCV x2, Regenerative Plating  
  50  9:29  Overlord  
  62  9:30  Infested Bunker  
  62  9:32  Overlord  
  62  9:33  Overlord x4  
  62  9:56  Infested SCV x2  
  64  10:03  Infested SCV  
  64  10:25  Overlord  
  64  10:26  Infested SCV  
  65  10:38  Infested Bunker  
  73  10:43  Infested Bunker  
  73  10:49  Infested Bunker  
  77  11:04  Infested Armory  
  77  11:10  Infested SCV  
  77  11:11  Overlord  
  77  11:12  Overlord x2  
  77  11:19  Infested Factory Tech Lab  
  78  11:37  Infested Bunker  
  82  12:24  Calcified Armor  
  86  12:45  Infested Bunker  
  94  12:53  Infested Bunker  
  94  13:00  Stukov Infantry Armor Level 2  
  94  13:04  Infestation Level 3  
  94  13:08  Infested Bunker  
  98  13:33  Infested Bunker  
  98  13:39  Infested Bunker  
  106  14:12  Infested Bunker  
  106  14:17  Infested Bunker  
  110  14:32  Infested Bunker  
  114  14:57  Overlord x2, Infested Bunker  
  118  15:01  Overlord  
  118  15:06  Overlord  
  118  15:11  Overlord  
  118  15:15  Overlord  
  118  15:19  Overlord  
  118  15:24  Overlord  
  118  15:45  Stukov Infantry Weapons Level 2  
  122  15:53  Infested Bunker  
  122  15:55  Stukov Vehicle and Ship Armor Level 1  
  122  16:12  Saturated Cultures  
  122  16:44  Infested Bunker  
  126  17:00  Caustic Mucus  
  126  17:04  Infested Bunker  
  130  17:51  Infested Marine  
  130  17:59  Infested Siege Tank x2  
  137  18:00  Infested Siege Tank x3  
  146  18:23  Automated Mitosis  
  146  18:58  Infested Marine x6  
  146  18:59  Infested Marine x14  
  166  19:16  Infested Marine  
  166  19:17  Infested Marine x3  
  170  19:46  Infested Marine x3  
  170  19:47  Infested Marine x4  
Show
View Real Time Build Order
Export as new Build Order

Jodle Protoss 

Build Orders:  

Get SALT Encoding   

  12  0:03  Probe (Chrono Boost)  
  13  0:15  Probe (Chrono Boost)  
  14  0:27  Probe (Chrono Boost)  
  14  0:36  Pylon  
  15  0:47  Assimilator  
  15  1:05  Gateway  
  15  1:09  Probe (Chrono Boost)  
  16  1:21  Probe (Chrono Boost)  
  16  1:27  Forge  
  17  1:46  Pylon  
  17  1:53  Probe (Chrono Boost)  
  18  2:05  Probe (Chrono Boost)  
  18  2:06  Assimilator  
  19  2:18  Probe (Chrono Boost)  
  19  2:21  Pylon  
  20  2:38  Cybernetics Core  
  20  2:48  Probe (Chrono Boost)  
  21  3:01  Probe (Chrono Boost)  
  22  3:13  Probe (Chrono Boost)  
  23  3:25  Probe (Chrono Boost)  
  24  3:37  Probe (Chrono Boost), Sentinel  
  25  3:49  Probe (Chrono Boost)  
  27  3:50  Stargate  
  28  4:01  Probe (Chrono Boost)  
  28  4:05  Stargate  
  29  4:10  Sentinel  
  29  4:13  Probe (Chrono Boost)  
  32  4:21  Stargate  
  32  4:51  Photon Cannon  
  32  5:00  Pylon  
  32  5:17  Pylon x2  
  32  5:20  Pylon  
  32  5:22  Pylon  
  32  5:25  Pylon x2  
  32  5:28  Pylon  
  32  5:29  Pylon  
  32  5:42  Probe (Chrono Boost)  
  33  6:14  Photon Cannon  
  33  6:18  Photon Cannon  
  33  6:23  Photon Cannon  
  33  6:25  Photon Cannon  
  33  6:47  Fleet Beacon  
  33  7:07  Assimilator  
  33  7:12  Assimilator  
  33  7:36  Nexus  
  33  7:58  Probe (Chrono Boost)  
  33  8:08  Carrier  
  34  8:10  Probe (Chrono Boost)  
  35  8:22  Probe (Chrono Boost)  
  36  8:34  Probe (Chrono Boost)  
  43  8:44  Carrier  
  43  8:46  Probe (Chrono Boost)  
  50  9:37  Carrier  
  50  10:04  Stargate  
  50  10:18  Probe (Chrono Boost)  
  57  10:25  Probe (Chrono Boost)  
  58  10:32  Probe (Chrono Boost)  
  59  10:40  Probe (Chrono Boost)  
  59  10:46  Carrier  
  59  10:47  Probe (Chrono Boost)  
  61  10:55  Probe (Chrono Boost)  
  68  12:07  Carrier  
  68  12:27  Carrier  
  80  12:53  Protoss Air Weapons Level 1  
  80  13:41  Carrier  
  80  13:42  Carrier  
  92  15:01  Carrier  
  98  15:42  Carrier  
  98  15:49  Carrier  
  110  17:23  Carrier  
Tags
 
Commander
KaraxStukov
Matchup
Co-op
Replay Pack
Multiplayer
Add a new tag
Caveats
  • Supply blocks, unpowered buildings, or Contaminate may cause inaccurate times.
  • Supply counts are checked every 10 seconds.